 Dungeon Crawl Stone Soup version 0.30.0-5-g1a98f26d00 (webtiles) character file.

Game seed: 12703065302526623447

82 Pemander008 the Vexing (level 4, 0/21 HPs)
             Began as a Vine Stalker Enchanter on May 12, 2023.
             Slain by Terence
             ... wielding a +0 mace
              (7 damage)
             ... on level 2 of the Dungeon.
             The game lasted 00:02:06 (1270 turns).

Pemander008 the Vexing (Vine Stalker Enchanter)     Turns: 1270, Time: 00:02:06

Health: 0/21       AC:  3    Str: 11    XL:     4   Next: 43%
Magic:  0/8        EV: 12    Int: 17    God:
Gold:   130        SH:  0    Dex: 14    Spells: 5/7 levels left

rFire   . . .        a - +1 dagger
rCold   . . .        (no shield)
rNeg    . . .        b - +0 robe
rPois   .            (no helmet)
rElec   .            e - +0 cloak
rCorr   .            (no gloves)
SInv    .            (no boots)
Will    .....        (no amulet)
Stlth   ++           (no ring)
HPRegen 1.03/turn    (no ring)
MPRegen 0.11/turn

%: guardian spirit
@: no status effects
A: fangs 2, regeneration 1, magic shield, antimagic bite, no potion heal 2
a: no special abilities


You were on level 2 of the Dungeon.
You visited 1 branch of the dungeon, and saw 3 of its levels.

You collected 130 gold pieces.

Inventory:

Hand Weapons
 a - a +1 dagger (weapon)
Armour
 b - a +0 robe (worn)
 e - a +0 cloak (worn)
Scrolls
 f - 2 scrolls of teleportation {unknown}
 h - a scroll of magic mapping {unknown}
 i - a scroll of amnesia {unknown}
 j - a scroll of identify {unknown}
 l - a scroll of torment {unknown}
Potions
 c - 2 potions of invisibility
 d - a potion of haste {unknown}
 g - 2 potions of brilliance {unknown}
 k - a potion of attraction {unknown}


   Skills:
 - Level 0.8 Short Blades
 - Level 1.5 Dodging
 - Level 3.6 Stealth
 - Level 2.1 Spellcasting
 + Level 5.1 Hexes


You had 5 spell levels left.
You knew the following spells:

 Your Spells              Type           Power      Damage    Failure   Level
a - Ensorcelled Hibernat  Hex/Ice        20%        N/A       10%         2

Your spell library contained the following spells:

 Spells                   Type           Power      Damage    Failure   Level
 Confusing Touch          Hex            19%        N/A       7%          3
 Tukima's Dance           Hex            19%        N/A       7%          3
 Dazzling Flash           Conj/Hex       20%        N/A       21%         3


Dungeon Overview and Level Annotations

Branches:
Dungeon (3/15)

Altars:

Annotations:
D:2 Terence


Innate Abilities, Weirdness & Mutations

You have extremely sharp teeth.
Your natural rate of healing is unusually fast.
When hurt, damage is shared between your health and your magic reserves.
Your bite disrupts and absorbs the magic of your enemies.
Potions cannot restore your health.


Message History

The ball python closely misses you.
The ball python attacks as you move away!
The ball python bites you but does no damage.
The ball python barely misses you. Terence attacks as you move away!
Terence hits you with a +0 mace.
The ball python bites you but does no damage.
The ball python grabs you. The ball python constricts you.
You escape the ball python's grasp.
There is a stone staircase leading up here.
Terence closely misses you. The ball python closely misses you. x2
You climb upwards.
There is a stone staircase leading down here.
Casting: Ensorcelled Hibernation (safe; 10% risk of failure)
Confirm with . or Enter, or press ? or * to list all spells.
Aiming: Ensorcelled Hibernation (safe; 10% risk of failure)
Press: ? - help, Shift-Dir - straight line, f - Terence
Aim: Terence, wielding a +0 mace and wearing a +0 scale mail (chance to affect: 52%) Terence resists with significant effort.
Terence hits you with a +0 mace.
Casting: Ensorcelled Hibernation (safe; 10% risk of failure)
Confirm with . or Enter, or press ? or * to list all spells.
Aiming: Ensorcelled Hibernation (safe; 10% risk of failure)
Press: ? - help, Shift-Dir - straight line, f/p - Terence
Aim: Terence, wielding a +0 mace and wearing a +0 scale mail (chance to affect: 52%) Terence resists with significant effort.
Terence hits you with a +0 mace.
Casting: Ensorcelled Hibernation (safe; 10% risk of failure)
Confirm with . or Enter, or press ? or * to list all spells.
Aiming: Ensorcelled Hibernation (safe; 10% risk of failure)
Press: ? - help, Shift-Dir - straight line, f/p - Terence
Aim: Terence, wielding a +0 mace and wearing a +0 scale mail (chance to affect: 52%) Terence resists with significant effort.
Terence closely misses you. Terence hits you with a +0 mace!
* * * LOW HITPOINT WARNING * * *
Terence says, "You're history."
Terence attacks as you move away! Terence hits you with a +0 mace.
* * * LOW HITPOINT WARNING * * *
Terence attacks as you move away! Terence hits you with a +0 mace!
You die...

#>.............##..
#.###).######..##..
#.#................
#.#.#######.#..###.
#.#.#<......#......
#.#.#########.#####
#.#...........#####
#@#####...........#
#.@...'...........#
#######...........#
#............
########.....#######
#............#####..
#............#......
#........#####......
########## #......
#......


You could see Terence.

Vanquished Creatures
  2 adders (D:2)
  A worm (D:2)
  2 dart slugs (D:1)
  2 orcs
  7 ball pythons
  7 bats
  2 endoplasms
  3 giant cockroaches
  3 hobgoblins (D:1)
  9 jackals
  2 quokkas (D:1)
  3 frilled lizards (D:1)
  2 goblins
  5 kobolds (D:1)
  2 rats (D:2)
52 creatures vanquished.

Notes
Turn   | Place    | Note
-------+----------+-------------------------------------------
     0 | D:1      | Pemander008 the Vine Stalker Enchanter began the quest for
                  | the Orb.
     0 | D:1      | Reached XP level 1. HP: 9/9 MP: 4/4
   240 | D:1      | Reached XP level 2. HP: 10/13 MP: 6/6
   367 | D:1      | Reached skill level 4 in Hexes
   419 | D:1      | Reached XP level 3. HP: 16/16 MP: 7/7
   842 | D:1      | Learned a level 2 spell: Ensorcelled Hibernation
   930 | D:2      | Found a faded altar of an unknown god.
  1035 | D:2      | Gained mutation: Your natural rate of healing is unusually
                  | fast. [Vine Stalker growth]
  1035 | D:2      | Reached XP level 4. HP: 13/21 MP: 0/8
  1106 | D:2      | Reached skill level 5 in Hexes
  1247 | D:3      | Noticed Terence
  1264 | D:2      | HP: 1/21 [Terence/+0 mace (5)]
  1270 | D:2      | Slain by Terence

Illustrated notes

Levels and vault maps discovered:
D:1:      minmay_arrival_glassed_features, layout_basic, chequers_jeans
D:2:      layout_basic, shapermc_ecumenical_altar_venn, minivault_11
D:3:      layout_basic, uniq_terence

Skill      XL: |  1  2  3  4 |
---------------+-------------+-----
Hexes          | 4 5 |  5.1
Short Blades   | |  0.8
Dodging        | |  1.5
Stealth        | |  3.6
Spellcasting   | |  2.1

Action                     |  1- 3 |  4- 6 || total
---------------------------+-------+-------++-------
  Melee: Dagger            |   136 |    18 ||   154
         Bite              |    35 |     6 ||    41
         Punch             |     2 |       ||     2
   Cast: Ensorcelled Hiber |     3 |     3 ||     6
   Stab: Sleeping          |     8 |     2 ||    10
 Armour: Robe              |    32 |     4 ||    36
  Dodge: Dodged            |    93 |    14 ||   107
